 Dungeon Crawl Stone Soup version 0.20.0-15-g7f486f2 (webtiles) character file.

562 louis the Insei (level 7, -4/49 HPs)
             Began as a Demonspawn Transmuter on June 19, 2017.
             Slain by an orc warrior
             ... wielding a +0 halberd
              (13 damage)
             ... on level 4 of the Dungeon.
             The game lasted 00:15:51 (5102 turns).

louis the Insei (Demonspawn Transmuter)             Turns: 5102, Time: 00:15:52

Health: -4/49      AC:  3    Str: 10    XL:     7   Next: 10%
Magic:  7/11       EV: 14    Int: 17    God:
Gold:   282        SH:  0    Dex: 15    Spells: 8/12 levels left

rFire    + . .     SeeInvis .     - Unarmed
rCold    . . .     Gourm    .   (no shield)
rNeg     . . .     Faith    .   b - +1 robe
rPois    .         Spirit   .   (no helmet)
rElec    .         Reflect  .   (no cloak)
rCorr    .         Harm     .   (no gloves)
MR       .....                  (no boots)
Stlth    ++++......             (no amulet)
Regen    1.2/turn               i - ring of fire
MPRegen  0.2/turn               e - ring of protection from cold

@: slowed, very slow
A: thin skeletal structure 1, nightstalker 2, powered by death 1
a: no special abilities


You were on level 4 of the Dungeon.
You were not hungry.

You visited 1 branch of the dungeon, and saw 4 of its levels.

You collected 282 gold pieces.

Inventory:

Missiles
 a - 81 arrows
 m - 2 throwing nets (quivered)
 q - 3 tomahawks
Armour
 b - a +1 robe (worn)
Jewellery
 e - a ring of protection from cold (right hand)
 i - a ring of fire (left hand)
Scrolls
 p - a scroll of remove curse
 s - a scroll of enchant weapon
Potions
 f - a potion of might {unknown}
 h - 2 potions of lignification {unknown}
 j - 3 potions of agility
 l - a potion of invisibility {unknown}
 n - a potion of flight
 o - 2 potions of degeneration {unknown}
 u - a potion of curing {unknown}
Books
 c - a book of Changes

   Spells                             Type                      Level
   a - Beastly Appendage              Transmutation                1
   b - Sticks to Snakes               Transmutation                2
   c - Spider Form                    Transmutation/Poison         3
   d - Ice Form                       Ice/Transmutation            4
   e - Blade Hands                    Transmutation                5
Comestibles
 d - 2 meat rations
 g - a bread ration
 k - 5 fruits
 r - a royal jelly


   Skills:
 * Level 1.9 Fighting
 * Level 3.5 Dodging
 + Level 1.0 Stealth
 + Level 4.5 Unarmed Combat
 * Level 3.2 Spellcasting
 - Level 3.1 Transmutations
 - Level 2.3 Poison Magic


You had 8 spell levels left.
You knew the following spells:

 Your Spells              Type           Power        Failure   Level  Hunger
a - Beastly Appendage     Tmut           ##....       4%          1    None
b - Spider Form           Tmut/Pois      ##........   17%         3    ###....


Dungeon Overview and Level Annotations

Branches:
Dungeon (4/15)
 Temple: D:4-7

Altars:


Innate Abilities, Weirdness & Mutations

You have a somewhat thin skeletal structure. (Dex +2, Stealth)
You are significantly more attuned to the shadows.
You regenerate a little health from kills.


Message History

You resist with some effort. The orc warrior misses you.
The orc wizard casts a spell at you. The magic dart hits you!
The orc wizard points at you and mumbles some strange words.
The magic dart hits you!
* * * LOW HITPOINT WARNING * * *
The orc warrior closely misses you. The orc wizard barely misses you.
The orc wizard closely misses you. The orc wizard completely misses you.
You kill the orc wizard!
The orc wizard hits you with a dagger.
* * * LOW HITPOINT WARNING * * *
The orc warrior misses you. The orc wizard barely misses you.
The orc completely misses you. The orc warrior completely misses you.
The orc wizard gestures at you while chanting.
The magic dart hits you!
* * * LOW HITPOINT WARNING * * *
The orc wizard mumbles some strange words.
The orc wizard blinks!
The orc closely misses you.
The orc warrior hits you from afar with a halberd!
You die...

#..........#
#.?.o......#
#..........#
#....[.....#
#..........#
#.....o%...###
#....o.......###
##..)§o.........
#..)..o@....#..###
#...###....?##...#
#...'o#.......)#)##
#.###.###......#.)######
#.#..:..#......##.......
#.###.###............###
#!..#.#.........####..##
..# #...............).
..[......#####.###


You could see an orc warrior, 2 orc wizards and an orc.

Vanquished Creatures
  An ogre (D:4)
  The ghost of Vojta the Sneak, an amateur OpEn (D:3)
  A bullfrog zombie (D:3)
  4 orc wizards
  Natasha (thrice) (D:2)
  A worker ant (D:4)
  7 adders
  An ooze (D:2)
  A worm (D:2)
  A dart slug (D:2)
  4 leopard geckos
  6 orcs
  2 giant cockroaches (D:1)
  12 goblins
  11 hobgoblins
  7 jackals
  7 kobolds
  2 quokkas
  A ball python (D:2)
  8 bats
  4 frilled lizards
  15 rats
100 creatures vanquished.

Notes
Turn   | Place    | Note
-------+----------+-------------------------------------------
     0 | D:1      | louis the Demonspawn Transmuter began the quest for the Orb.
     0 | D:1      | Reached XP level 1. HP: 15/15 MP: 3/3
   344 | D:1      | Gained mutation: You are slightly more attuned to the shadows. [demonic ancestry]
   344 | D:1      | Reached XP level 2. HP: 10/21 MP: 1/5
   353 | D:1      | Reached skill level 3 in Unarmed Combat
  1083 | D:1      | HP: 1/21 [bat (1)]
  1499 | D:2      | Noticed Natasha
  1798 | D:2      | Reached XP level 3. HP: 10/26 MP: 6/6
  2046 | D:2      | Learned a level 3 spell: Spider Form
  2172 | D:2      | Killed Natasha
  2208 | D:3      | Gained mutation: You have a somewhat thin skeletal structure. (Dex +2, Stealth) [demonic ancestry]
  2208 | D:3      | Reached XP level 4. HP: 18/32 MP: 0/7
  2960 | D:2      | Noticed Natasha
  2966 | D:2      | Killed Natasha
  2966 | D:2      | Reached skill level 1 in Poison Magic
  2995 | D:2      | Noticed Natasha
  3002 | D:2      | Killed Natasha
  3002 | D:2      | Gained mutation: You regenerate a little health from kills. [demonic ancestry]
  3002 | D:2      | Reached XP level 5. HP: 25/37 MP: 2/8
  4023 | D:3      | Noticed Vojta's ghost (amateur OpEn)
  4533 | D:3      | Killed Vojta's ghost
  4533 | D:3      | Reached skill level 4 in Unarmed Combat
  4533 | D:3      | Reached XP level 6. HP: 37/43 MP: 7/10
  4887 | D:4      | Noticed an orc warrior
  5098 | D:4      | Reached skill level 1 in Stealth
  5098 | D:4      | Gained mutation: You are significantly more attuned to the shadows. [demonic ancestry]
  5098 | D:4      | Reached XP level 7. HP: 28/49 MP: 6/11
  5102 | D:4      | Slain by an orc warrior

Skill      XL: |  1  2  3  4  5  6 |
---------------+-------------------+-----
Transmutations | 2 3 |  3.1
Unarmed Combat | 3 4 |  4.5
Dodging        | 2 3 |  3.5
Poison Magic   | 1 2 |  2.3
Spellcasting   | 3 |  3.2
Stealth        | 1 |  1.0
Fighting       | |  1.9

Action                   |  1- 3 |  4- 6 |  7- 9 || total
-------------------------+-------+-------+-------++-------
Melee: Unarmed           |   138 |   215 |     1 ||   354
       Kick              |     6 |     1 |       ||     7
       Punch             |     2 |     1 |       ||     3
       Headbutt          |     1 |    17 |       ||    18
 Cast: Beastly Appendage |    19 |    11 |       ||    30
       Spider Form       |     2 |    23 |       ||    25
  Use: Scroll            |     4 |     5 |       ||     9
       Potion            |     2 |       |       ||     2
 Stab: Sleeping          |     1 |     3 |       ||     4
       Distracted        |       |     1 |       ||     1
  Eat: Chunk             |     1 |    11 |       ||    12
       Bread ration      |     1 |       |       ||     1
       Meat ration       |       |     1 |       ||     1
Armor: Robe              |    34 |     3 |       ||    37
       Skin              |       |    10 |       ||    10
Dodge: Dodged            |   110 |   153 |    14 ||   277
